 Dungeon Crawl Stone Soup version 0.27-a0-29-g2d0a2396b0 (webtiles) character file.

Game seed: 6143302814020140306

865 pkoi the Martial Artist (level 7, -3/53 (57) HPs)
             Began as a Black Draconian Monk on Jan 4, 2021.
             Slain by an ufetubus (4 damage)
             ... summoned by Eustachio
             ... on level 4 of the Dungeon.
             The game lasted 00:04:40 (4790 turns).

pkoi the Martial Artist (Black Draconian Monk)      Turns: 4790, Time: 00:04:41

HP:   -3/53 (57)    AC:  7    Str: 13    XL:     7   Next: 72%
MP:   7/7           EV: 13    Int: 12    God:
Gold: 133           SH:  0    Dex: 14    Spells: 6/6 levels left

rFire    . . .     SeeInvis .     - Unarmed
rCold    . . .     Faith    .   (no shield)
rNeg     . . .     Spirit   .   (armour unavailable)
rPois    .         Reflect  .   (helmet restricted)
rElec    +         Harm     .   i - +0 cloak
rCorr    .         Rampage  .   (no gloves)
Will     .....                  (no boots)
Stlth    ++........             (no amulet)
HPRegen  0.17/turn              (no ring)
MPRegen  0.10/turn              (no ring)

@: about to teleport, short of breath, drained
A: breathe lightning, unfitting armour, electricity resistance, cold-blooded, AC
+6
a: Breathe Lightning


You were on level 4 of the Dungeon.
You visited 1 branch of the dungeon, and saw 5 of its levels.

You collected 133 gold pieces.

Inventory:

Missiles
 o - 26 poisoned darts (quivered)
 q - 5 datura-tipped darts
Armour
 i - a +0 cloak (worn)
Scrolls
 a - 2 scrolls of fear {unknown}
 b - a scroll of enchant armour {unknown}
 c - a scroll of amnesia {unknown}
 d - 3 scrolls of teleportation
 e - 3 scrolls of remove curse
 g - a scroll of immolation {unknown}
 j - a scroll of magic mapping
 r - a scroll of identify
Potions
 f - 2 potions of curing
 h - a potion of flight
 n - 2 potions of haste {unknown}


   Skills:
 - Level 3.2 Fighting
 - Level 2.6 Dodging
 - Level 1.7 Stealth
 + Level 9.3 Unarmed Combat


You had 6 spell levels left.
You didn't know any spells.
Your spell library was empty.

Dungeon Overview and Level Annotations

Branches:
Dungeon (5/15)
 Temple: D:4-7

Altars:
Hepliaklqana
Qazlal
Xom

Shops:
D:4 (=

Annotations:
D:4 Eustachio, Ijyb


Innate Abilities, Weirdness & Mutations

You can breathe wild blasts of lightning.
Your glossy black scales are hard. (AC +6)
You cannot fit into any form of body armour.
You are resistant to electric shocks. (rElec)
You are cold-blooded and may be slowed by cold attacks.


Message History

The leopard gecko skeleton bites you.
* * * LOW HITPOINT WARNING * * *
The iron imp hits you.
* * * LOW HITPOINT WARNING * * *
As you read the scroll labelled HAZIWN EGIXKI, it crumbles to dust.
You feel blessed for a moment.
It was a scroll of remove curse.
Eustachio calls on the powers of shadow!
Eustachio hits you with a +7 rapier of draining.
* * * LOW HITPOINT WARNING * * *
You feel drained.
* * * LOW HITPOINT WARNING * * *
The crimson imp blinks!
The ufetubus closely misses you. The ufetubus barely misses you.
The leopard gecko skeleton closely misses you.
The ogre closely misses you. The iron imp closely misses you.
As you read the scroll labelled HEOTOWK ZEIVIHILO, it crumbles to dust.
You feel strangely unstable.
It was a scroll of teleportation.
The iron imp disappears in a puff of smoke!
The ufetubus barely misses you. The ufetubus hits you.
You die...

...
######...#####.##.##.#...
...............##.##....<
.........................
...............####......
####.#...#.###5####..###.
#.#.....##........###.
#.#........#.........#
#.#.O#...........#...#
#...ยง@@#.......#.[...#
.).g..#.Z5...#...#.......#
.#.##.##!......#.........#
# # #......(#)..(.....#
#.....#...#........
#...#.......#.....#
#.#...........#...#
.................##
..##.#..##.##


You could see Eustachio, an ogre, Ijyb, a crimson imp (summoned), an ufetubus
(summoned) and a leopard gecko skeleton.

Vanquished Creatures
  Menkaure (D:5)
  3 ice beasts (D:5)
  A hound (D:4)
  3 orc priests
  An orc wizard (D:4)
  An iguana (D:5)
  Natasha (twice) (D:3)
  3 worker ants
  9 adders
  2 worms (D:2)
  A dart slug (D:1)
  3 leopard geckos
  8 orcs
  2 ball pythons
  9 bats
  11 goblins
  7 hobgoblins
  11 jackals
  7 kobolds
  A quokka (D:5)
  A frilled lizard (D:2)
  10 rats
97 creatures vanquished.

Notes
Turn   | Place    | Note
-------+----------+-------------------------------------------
     0 | D:1      | pkoi the Draconian Monk began the quest for the Orb.
     0 | D:1      | Reached XP level 1. HP: 19/19 MP: 1/1
     0 | D:1      | Noticed a gargoyle
     0 | D:1      | Noticed a vine stalker
     2 | D:1      | Noticed a gargoyle
     6 | D:1      | Noticed a draconian
     7 | D:1      | Noticed a formicid
     8 | D:1      | Noticed a vampire
    10 | D:1      | Noticed a human
    12 | D:1      | Noticed a dwarf
    14 | D:1      | Noticed a vampire
    14 | D:1      | Noticed an octopode
    14 | D:1      | Noticed a spriggan
    16 | D:1      | Noticed an ogre
    16 | D:1      | Noticed a dwarf
    16 | D:1      | Noticed an octopode
    51 | D:1      | Reached XP level 2. HP: 26/26 MP: 2/2
   275 | D:1      | Reached skill level 4 in Unarmed Combat
   377 | D:1      | Reached XP level 3. HP: 31/31 MP: 3/3
   825 | D:2      | Reached XP level 4. HP: 3/38 MP: 4/4
  1214 | D:2      | Reached skill level 5 in Unarmed Combat
  1813 | D:2      | Found a stormy altar of Qazlal.
  2001 | D:2      | Found a hazy altar of Hepliaklqana.
  2264 | D:3      | Reached XP level 5. HP: 34/45 MP: 5/5
  2282 | D:3      | Reached skill level 6 in Unarmed Combat
  2632 | D:3      | Noticed Natasha
  2638 | D:3      | Killed Natasha
  3027 | D:3      | Noticed Natasha
  3040 | D:3      | Killed Natasha
  3185 | D:4      | Found Maepp's Jewellery Shop.
  3241 | D:4      | Reached XP level 6. HP: 51/51 MP: 6/6
  3323 | D:4      | Noticed Eustachio
  3349 | D:5      | Entered Level 5 of the Dungeon
  3431 | D:5      | Noticed an ice beast
  3464 | D:4      | Reached skill level 7 in Unarmed Combat
  3519 | D:5      | Noticed an ice beast
  3567 | D:5      | Noticed an ice beast
  3576 | D:5      | Killed an ice beast
  3734 | D:5      | Noticed Menkaure
  3741 | D:5      | Killed Menkaure
  3742 | D:5      | Reached skill level 8 in Unarmed Combat
  3742 | D:5      | Your scales start taking on a glossy black colour.
  3742 | D:5      | Reached XP level 7. HP: 26/57 MP: 7/7
  3742 | D:5      | Gained mutation: You are resistant to electric shocks.
                  | (rElec) [Black Draconian growth]
  4002 | D:5      | Found a shimmering altar of Xom.
  4295 | D:5      | Reached skill level 9 in Unarmed Combat
  4688 | D:4      | Found Coqif's Weapon Shop.
  4788 | D:4      | Noticed Ijyb
  4789 | D:4      | HP: 2/55 [Eustachio/+7 rapier of draining (6)]
  4790 | D:4      | Slain by an ufetubus

Illustrated notes

Levels and vault maps discovered:
D:1:      shiori_arrival_whats_in_store_for_you, layout_basic
D:2:      layout_loops_ring, grunt_qazlal_clouds, old_standard_altar
D:3:      layout_basic, uniq_natasha
D:4:      layout_loops_cross, serial_shops, shop, shop_statue, kennysheep_mini,
          shop, minmay_misc_feat_more_columns, uniq_eustachio, uniq_ijyb,
          uniq_duvessa, uniq_pikel
D:5:      layout_basic, gammafunk_ghost_necromancy, basic_altar,
          kennysheep_generic_room_14, uniq_menkaure, uniq_crazy_yiuf_cottage

Skill      XL: |  1  2  3  4  5  6  7 |
---------------+----------------------+-----
Unarmed Combat | 4 5 6 8 9 |  9.3
Fighting       | |  3.2
Dodging        | |  2.6
Stealth        | |  1.7

Action                   |  1- 3 |  4- 6 |  7- 9 || total
-------------------------+-------+-------+-------++-------
Melee: Unarmed           |   123 |   154 |    58 ||   335
       Tailslap          |     9 |    17 |     5 ||    31
       Punch             |       |     7 |     5 ||    12
 Abil: Breathe Lightning |       |       |     3 ||     3
  Use: Potion            |     1 |     3 |     2 ||     6
       Scroll            |       |     5 |     2 ||     7
 Stab: Sleeping          |     4 |     9 |       ||    13
Armor: Skin              |    35 |    27 |    14 ||    76
Dodge: Dodged            |    95 |    83 |    35 ||   213

Table legend: (Time is in decaauts)
 A = Elapsed time spent in this place.
 B = Non-inter-level travel time spent in this place.
 C = Inter-level travel time spent in this place.
 D = Time resting spent in this place.
 E = Time spent auto-exploring this place.
 F = Levels seen in this place.
 G = Mean time per level.
                   A        B        C        D        E       F      G
               +--------+--------+--------+--------+--------+-----+--------+
         Total |   4770 |   4633 |    137 |   1183 |   2681 |   5 |  954.0 |
       Dungeon |   4770 |   4633 |    137 |   1183 |   2681 |   5 |  954.0 |
               +--------+--------+--------+--------+--------+-----+--------+

Top non-repeatable levels by time:
     D:2: 1375 daAuts
     D:5: 1227 daAuts
     D:3: 1006 daAuts
     D:1: 729 daAuts
     D:4: 431 daAuts
